 Dungeon Crawl Stone Soup version bcrawl-1.12.2 (webtiles) character file.

Game seed: 17209675461024386415

2779 RedPan the Destroyer (level 9, 0/59 HPs)
             Began as a Fairy Wizard on July 23, 2019.
             Was an Initiate of Vehumet.
             Slain by an orc warrior
             ... wielding a +0 long sword
              (12 damage)
             ... on level 8 of the Dungeon.
             The game lasted 00:20:49 (6691 turns).

RedPan the Destroyer (Fairy Wizard)                 Turns: 6691, Time: 00:20:50

Health: 0/59       AC:  8    Str:  5    XL:     9   Next: 70%
Magic:  17/20      EV: 22    Int: 22    God:    Vehumet [......]
Gold:   581        SH:  6    Dex: 14    Spells: 9/20 levels left

rFire    . . .     SeeInvis .   y - +2 quarterstaff (chaos)
rCold    . . .     Gourm    .   (shield currently unavailable)
rNeg     . . .     Faith    .   (armour unavailable)
rPois    .         Spirit   .   b - +1 hat
rElec    .         Reflect  .   (no cloak)
rCorr    .         Harm     .   (no gloves)
MR       .....     Rnd*Tele +   t - +0 pair of boots
Stlth    +.........             (no amulet)
HPRegen  0.19/turn              o - ring of teleportation (curse)
MPRegen  0.17/turn              (no ring)

@: flying evasively, very slightly contaminated
A: small, magic attunement, unstealthy, unfitting armour, able to fly, AC/SH +6
a: Stop Flying, Renounce Religion


You were on level 8 of the Dungeon.
You worshipped Vehumet.
Vehumet was noncommittal.
You were hungry.

You visited 2 branches of the dungeon, and saw 9 of its levels.

You collected 581 gold pieces.

Inventory:

Hand Weapons
 y - a +2 quarterstaff of chaos (weapon)
Armour
 b - a +1 hat (worn)
 s - a +0 shield
 t - a +0 pair of boots (worn)
Jewellery
 k - an uncursed ring of protection from cold
 o - a cursed ring of teleportation (left hand)
Wands
 j - a wand of paralysis (7)
 q - a wand of polymorph (1)
 u - a wand of digging (8)
Scrolls
 e - 2 scrolls of fear
 h - 4 scrolls of enchant armour
 m - 2 scrolls of fog
 n - a scroll of enchant weapon
Potions
 c - 3 potions of ambrosia
 f - a potion of agility
 g - 3 potions of curing
 i - 3 potions of might {unknown}
 l - 2 potions of brilliance
 p - a potion of invisibility
 r - a potion of heal wounds
 v - a potion of lignification
 x - a potion of haste {unknown}
Comestibles
 d - 13 rations {!d}


   Skills:
 + Level 4.7 Fighting
 + Level 1.6 Staves
 + Level 8.8 Dodging
 - Level 2.0 Stealth
 - Level 6.1 Spellcasting
 - Level 9.1 Conjurations
 - Level 2.0 Summonings
 - Level 2.0 Translocations
 - Level 2.1 Fire Magic
 - Level 2.0 Air Magic
 - Level 2.0 Poison Magic


You had 9 spell levels left.
You knew the following spells:

 Your Spells              Type           Power        Failure   Level  Hunger
a - Magic Dart            Conj           ####         1%          1    None
b - Call Imp              Summ           ###.....     6%          2    None
c - Blink                 Tloc           N/A          6%          2    None
d - Mephitic Cloud        Conj/Pois/Air  ####....     4%          3    None
e - Conjure Flame         Conj/Fire      ####....     2%          3    None

Your spell library contained the following spells:

 Spells                   Type           Power        Failure   Level  Hunger
 Slow                     Hex            #.......     9%          1    None


Dungeon Overview and Level Annotations

Branches:
Dungeon (8/12)             Temple (1/1) D:7
   Lair: D:7-10         Orc: D:8-11

Altars:
Ashenzari
Cheibriados
Dithmenos
Elyvilon
Fedhas
Gozag
Hepliaklqana
Kikubaaqudgha
Lugonu
Makhleb
Nemelex Xobeh
Okawaru
Qazlal
Ru
Sif Muna
Trog
Uskayaw
Vehumet
Wu Jian
Xom
Yredelemnul
Zin
The Shining One

Shops:
D:5 }   D:6 =   D:7 [


Innate Abilities, Weirdness & Mutations

Your spells do not cause hunger and MP costs are reduced by 1.
Your bright wings attract enemies. (Stealth-)
You cannot fit into any form of body armour.
Your shimmering scales are hard and can block incoming attacks. (AC +6, SH +6)
You are small and have problems with some larger weapons.
You can fly continuously.


Message History

Confirm with . or Enter, or press ? or * to list all spells.
A beastly little devil appears in a puff of flame.
The orc warrior hits you with a +0 long sword!
* * * LOW HITPOINT WARNING * * *
Your crimson imp hits the orc warrior but does no damage.
Casting: Call Imp (safe; 6% risk of failure)
Confirm with . or Enter, or press ? or * to list all spells.
You miscast Call Imp.
You are very lightly contaminated with residual magic.
Nothing appears to happen.
The orc warrior barely misses you.
Your crimson imp blinks!
Your crimson imp misses the orc warrior.
Your crimson imp barely misses the orc warrior.
The orc priest closely misses your crimson imp.
Your crimson imp barely misses the orc warrior.
Casting: Call Imp (safe; 6% risk of failure)
Confirm with . or Enter, or press ? or * to list all spells.
A beastly little devil appears in a puff of flame.
The orc warrior hits you with a +0 long sword!
You die...

#......#......
#.........>###
#....##.##.# ##[..##.##.#
#<......... #..#
#...##.##<## #..#
#...##.##.# ####..#
#.5.......# ..#..#
#@.###.###... #.#..# #o5#
#.# #####.#..# #55# #.#
.........######..###.#
.####....o.oo..o......#
....(.....######..#######
.####....## #.........
##)#.########.#######
#.#..........#


You could see an orc warrior, an orc priest and 4 friendly crimson imps.

Vanquished Creatures
  A hippogriff (D:8)
  A shadow (D:7)
  A sky beast (D:5)
  An orc warrior (D:7)
  2 ogres (D:5)
  A centaur (D:4)
  A phantom (D:4)
  2 big kobolds
  3 bullfrogs
  9 killer bees
  A wight (D:8)
  6 crimson imps
  A jelly (D:7)
  A hound (D:4)
  3 orc wizards
  Crazy Yiuf (D:6)
  2 orc priests (D:5)
  A bullfrog skeleton (D:6)
  2 iguanas (D:6)
  3 worker ants
  A hound skeleton (D:7)
  5 adders
  3 gnolls (D:2)
  A shadow imp (D:6)
  3 worms
  5 dart slugs
  5 leopard geckos
  12 orcs
  2 giant cockroaches
  3 goblins
  11 hobgoblins
  4 jackals (D:1)
  2 quokkas
  11 bats
  A frilled lizard (D:3)
  A jackal skeleton (D:3)
  2 jackal zombies
  17 kobolds
  3 rats
135 creatures vanquished.

Vanquished Creatures (collateral kills)
  A troll (D:7)
  Eustachio (D:6)
  Duvessa (D:6)
  Dowan (D:6)
  2 crimson imps
  Ijyb (D:4)
  2 orc wizards
  A gnoll (D:2)
  A howler monkey skeleton (D:7)
  An orc (D:7)
  A giant cockroach (D:4)
  A kobold (D:6)
14 creatures vanquished.

Grand Total: 149 creatures vanquished

Notes
Turn   | Place    | Note
-------+----------+-------------------------------------------
     0 | D:1      | RedPan the Fairy Wizard began the quest for the Orb.
     0 | D:1      | Reached XP level 1. HP: 11/11 MP: 7/7
   154 | D:1      | Reached XP level 2. HP: 17/17 MP: 9/9
   508 | D:1      | Reached skill level 2 in Conjurations
   512 | D:1      | Learned a level 2 spell: Call Imp
   515 | D:1      | Learned a level 2 spell: Blink
   540 | D:1      | Reached XP level 3. HP: 16/21 MP: 7/10
   996 | D:2      | Reached skill level 5 in Spellcasting
   996 | D:2      | Reached skill level 3 in Conjurations
   996 | D:2      | Reached XP level 4. HP: 9/27 MP: 13/13
  1018 | D:2      | Learned a level 3 spell: Mephitic Cloud
  1022 | D:2      | Learned a level 3 spell: Conjure Flame
  1210 | D:2      | Found an ancient bone altar of Kikubaaqudgha.
  1210 | D:2      | Found a deep blue altar of Sif Muna.
  1405 | D:2      | Reached XP level 5. HP: 31/31 MP: 14/14
  1485 | D:2      | Reached skill level 1 in Fire Magic
  1617 | D:2      | Reached skill level 1 in Air Magic
  1703 | D:3      | Reached skill level 1 in Poison Magic
  2047 | D:4      | Noticed a phantom
  2058 | D:4      | Killed a phantom
  2058 | D:4      | Reached skill level 4 in Conjurations
  2058 | D:4      | Reached XP level 6. HP: 36/36 MP: 15/15
  2086 | D:4      | Found a shimmering altar of Xom.
  2283 | D:4      | Found a shimmering altar of Xom.
  2378 | D:4      | Found a shimmering altar of Xom.
  2394 | D:4      | Found a shimmering altar of Xom.
  2396 | D:4      | Found a shimmering altar of Xom.
  2397 | D:4      | Found a shimmering altar of Xom.
  2397 | D:4      | Found a shimmering altar of Xom.
  2414 | D:4      | Reached skill level 5 in Conjurations
  2414 | D:4      | Reached XP level 7. HP: 20/41 MP: 13/16
  2555 | D:4      | Noticed Ijyb
  2593 | D:4      | Killed Ijyb
  2961 | D:5      | Entered Level 5 of the Dungeon
  3031 | D:5      | Reached skill level 6 in Conjurations
  3048 | D:5      | Found a sacrificial altar of Ru.
  3384 | D:5      | Reached XP level 8. HP: 11/46 MP: 17/19
  3470 | D:5      | Reached skill level 5 in Dodging
  3792 | D:5      | Found Qoicoyclijabb's Gadget Boutique.
  3928 | D:6      | Reached skill level 7 in Conjurations
  3983 | D:6      | Noticed Eustachio
  4001 | D:6      | Killed Eustachio
  4001 | D:6      | Reached skill level 1 in Fighting
  4066 | D:6      | Found a snail-covered altar of Cheibriados.
  4110 | D:6      | Found a runed door.
  4197 | D:6      | Found a burning altar of Makhleb.
  4373 | D:6      | Found Edwutof's Jewellery Shoppe.
  4375 | D:6      | Noticed Duvessa
  4375 | D:6      | Noticed Dowan
  4389 | D:6      | Killed Duvessa
  4389 | D:6      | Killed Dowan
  4611 | D:6      | Noticed Crazy Yiuf
  4622 | D:6      | Killed Crazy Yiuf
  4691 | D:6      | Reached skill level 8 in Conjurations
  4832 | D:7      | Noticed a troll
  5106 | D:7      | Reached XP level 9. HP: 56/56 MP: 20/20
  5607 | D:7      | Killed a troll
  6012 | D:7      | Found a staircase to the Ecumenical Temple.
  6018 | Temple   | Entered the Ecumenical Temple
  6159 | Temple   | Became a worshipper of Vehumet
  6214 | D:7      | Reached skill level 9 in Conjurations
  6279 | D:7      | Found Lamnups's Armour Shop.
  6300 | D:7      | Found a snail-covered altar of Cheibriados.
  6476 | D:7      | Reached skill level 1 in Staves
  6691 | D:8      | Slain by an orc warrior

Skill      XL: |  1  2  3  4  5  6  7  8  9 |
---------------+----------------------------+-----
Dodging        | 3 4 7 8 |  8.8
Conjurations   | 2 3 4 5 6 8 9 |  9.1
Stealth        | 2 |  2.0
Spellcasting   | 5 6 |  6.1
Fire Magic     | 2 |  2.1
Air Magic      | 2 |  2.0
Poison Magic   | 2 |  2.0
Summonings     | 2 |  2.0
Translocations | 2 |  2.0
Fighting       | 3 4 |  4.7
Staves         | 1 |  1.6

Action                   |  1- 3 |  4- 6 |  7- 9 || total
-------------------------+-------+-------+-------++-------
Melee: Unarmed           |       |       |     6 ||     6
       Staff             |       |       |     1 ||     1
       Quarterstaff      |       |       |     2 ||     2
 Cast: Magic Dart        |   103 |   143 |   347 ||   593
       Call Imp          |     2 |     7 |    42 ||    51
       Mephitic Cloud    |       |       |     7 ||     7
       Blink             |       |       |     3 ||     3
  Use: Scroll            |     5 |     6 |     9 ||    20
       Potion            |       |       |     2 ||     2
  Eat: Chunk             |       |     4 |     9 ||    13
       Ration            |       |       |     1 ||     1
Armor: Skin              |     3 |     7 |    20 ||    30
Dodge: Dodged            |    23 |    43 |   162 ||   228
Block: Other             |     8 |    15 |    52 ||    75
